AoeStats
← Yuklennnnnn

Arena

506932563Analyzed
4v4 RM · 17d ago on Sep 15, 2026· 25m 8s· 8 players
Game mode
Random Map
Map size
Large (8 player)
Population
200
Speed
Normal
Resources
Standard
Victory
Conquest
Starting age
Dark Age
Ending age
Imperial Age
RankedLock teamsTeams togetherTeam positionsShared explorationLock speedFull tech treeHidden civsTurbo modeCheats
Victory
Defeat
🇨🇦 Bohemians · Canada
695
+8
🇲🇽 Goths · Mexico
662
+10
🇨🇱 Turks · Chile
557
+13
🇹🇷 Mongols · Türkiye
385
+20
🇬🇧 Britons · United Kingdom
519
-13
🇫🇷 Franks · France
511
-13
🇬🇧 Cumans · United Kingdom
504
-13
🇬🇧 Poles · United Kingdom
489
-12
LL KID CASH LL
0:39 Loom
12:00 Feudal Age
12:30 Double-Bit Axe
12:32 Town Watch
13:24 Wheelbarrow
12:33 Horse Collar
18:36 Gold Mining
18:36 Stone Mining
22:01 Arson
b1gdave007
12:52 Feudal Age
16:53 Horse Collar
25:59 Castle Age
I_suxatgaming
10:09 Feudal Age
12:08 Wheelbarrow
14:56 Horse Collar
15:25 Gold Mining
17:46 Double-Bit Axe
24:33 Castle Age
22:49 Town Watch
24:12 Scale Mail Armor
24:13 Padded Archer Armor
24:24 Forging
ToNi0
RICH9058120
11:21 Feudal Age
17:55 Castle Age
Peyotl
0:30 Loom
16:03 Feudal Age
18:20 Wheelbarrow
17:37 Gold Mining
17:30 Horse Collar
17:44 Stone Mining
17:42 Double-Bit Axe
18:27 Man-at-Arms
21:03 Scale Mail Armor
23:33 Forging
27:20 Castle Age
Yuklennnnnn
12:02 Feudal Age
12:29 Horse Collar
12:54 Double-Bit Axe
17:04 Wheelbarrow
25:05 Castle Age
KKKabrera
2:22 Loom
15:30 Feudal Age
16:03 Town Watch
17:46 Wheelbarrow
17:50 Man-at-Arms
24:50 Castle Age
22:50 Horse Collar
23:57 Arson
Connection lost

Rejoining the realm…

Still unreachable

The connection could not be restored.

Session expired

The server has moved on; the page needs a fresh start.